 Dungeon Crawl Stone Soup version 0.30.0-15-g856e2d3f33 (webtiles) character file.

Game seed: 10202361064283787107

10130 qw the Blocker (level 11, -7/67 HPs)
             Began as a Gargoyle Fighter on May 20, 2023.
             Mangled by Snorg (11 damage)
             ... on level 11 of the Dungeon.
             The game lasted 00:05:13 (8300 turns).

qw the Blocker (Gargoyle Fighter)                   Turns: 8300, Time: 00:05:13

Health: -7/67      AC: 26    Str: 23    XL:     11   Next: 57%
Magic:  11/11      EV:  6    Int:  8    God:
Gold:   824        SH: 17    Dex: 13    Spells: 10/10 levels left

rFire   . . .        Y - +0 war axe
rCold   + + +        i - +0 tower shield
rNeg    + . .        s - +0 plate armour
rPois   inf          (helmet restricted)
rElec   +            u - +2 cloak
rCorr   +            (no gloves)
SInv    .            j - +1 pair of boots
Will    .....        h - amulet of regeneration Stlth
                     k - ring "Useopizi" {rC++ rCorr Slay+2 Stlth+}
HPRegen 1.11/turn    l - ring of protection from cold
MPRegen 0.12/turn

%: clarity
@: about to teleport
A: sickness immunity, AC +8, negative energy resistance 1, electricity
resistance, torment resistance 1, petrification resistance, beak, agile 1,
clarity, no potion heal 1
a: no special abilities


You were on level 11 of the Dungeon.
You visited 2 branches of the dungeon, and saw 12 of its levels.

You collected 824 gold pieces.


Innate Abilities, Weirdness & Mutations

You are immune to sickness and miasma.
Your stone body is resilient. (AC +8)
You are immune to poison.
You resist negative energy. (rN+)
You are resistant to electric shocks. (rElec)
You are resistant to unholy torment.
You are immune to petrification.
You have a beak for a mouth.
You are agile. (Dex +4, Str/Int -1)
You possess an exceptional clarity of mind.
Potions are less effective at restoring your health.


   Skills:
 + Level 7.6 Fighting
 - Level 10.1 Axes
 - Level 1.0 Throwing
 - Level 6.1 Armour
 - Level 2.1 Dodging
 - Level 13.0 Shields


You had 10 spell levels left.
You didn't know any spells.
Your spell library was empty.

Inventory:

Hand Weapons
 r - the +9 flail of Qeleosok {flame, Str+5}
   (You found it on level 8 of the Dungeon)

   Str:       It affects your strength (+5).
 Y - a +0 war axe (weapon)
Missiles
 w - 6 boomerangs (quivered)
Armour
 i - a +0 tower shield (worn)
 j - a +1 pair of boots (worn)
 n - a +2 chain mail of cold resistance
 s - a +0 plate armour (worn)
 u - a +2 cloak (worn)
 v - a scarf of resistance
Jewellery
 b - a ring of resist corrosion
 f - a +4 ring of protection
 h - an amulet of regeneration (around neck)
 k - the ring "Useopizi" (left hand) {rC++ rCorr Slay+2 Stlth+}
   (You found it on level 3 of the Dungeon)

   [ring of resist corrosion]

   Slay:      It affects your accuracy & damage with ranged weapons and melee
   (+2).
   rC:        It greatly protects you from cold.
   rCorr:     It protects you from acid and corrosion.
   Stlth:     It makes you more stealthy.
 l - a ring of protection from cold (right hand)
Scrolls
 a - 9 scrolls of identify
 o - 5 scrolls of teleportation
Potions
 c - 2 potions of resistance
 d - a potion of might
 e - 5 potions of curing
 g - a potion of haste {unknown}
 m - 2 potions of attraction
 p - 3 potions of lignification
 q - 4 potions of heal wounds
 t - a potion of flight {unknown}

Dungeon Overview and Level Annotations

Branches:
Dungeon (11/15)            Temple (1/1) D:4            Lair (0/5) D:11
    Orc (0/2) D:9

Altars:
Ashenzari
Cheibriados
Dithmenos
Fedhas
Gozag
Hepliaklqana
Kikubaaqudgha
Makhleb
Nemelex Xobeh
Qazlal
Ru
Sif Muna
Trog
Uskayaw
Vehumet
Wu Jian
Xom
Yredelemnul
Zin
The Shining One

Shops:
D:4 :

Annotations:
D:9 2 runed translucent doors
D:11 Snorg


Message History

Snorg is lightly wounded.
Snorg bites you. You block Snorg's attack. Snorg claws you but does no damage.
Snorg bites you but does no damage. Snorg claws you!
Snorg claws you but does no damage.
You barely miss Snorg.
Snorg is lightly wounded.
Snorg bites you but does no damage. Snorg claws you. You block Snorg's attack.
You slice Snorg!!
Snorg is moderately wounded.
You block Snorg's attack. Snorg claws you but does no damage.
You block Snorg's attack. Snorg closely misses you.
Snorg claws you but does no damage. You block Snorg's attack.
You slash Snorg!
Snorg is moderately wounded.
Snorg bites you but does no damage. Snorg barely misses you.
Snorg claws you but does no damage. You block Snorg's attack.
Snorg claws you but does no damage. You block Snorg's attack.
You hit Snorg. You peck Snorg.
Snorg is heavily wounded.
You block Snorg's attack. x2; Snorg completely misses you.
Snorg bites you but does no damage. You block Snorg's attack.
Snorg claws you but does no damage.
You barely miss Snorg.
Snorg is heavily wounded.
You block Snorg's attack. x2; Snorg claws you but does no damage.
Snorg bites you but does no damage. Snorg claws you but does no damage. x2
You closely miss Snorg.
Snorg is heavily wounded.
You block Snorg's attack. Snorg claws you but does no damage.
Snorg barely misses you.
You hit Snorg.
Snorg is heavily wounded.
You block Snorg's attack. Snorg claws you! You block Snorg's attack.
Snorg bites you but does no damage. Snorg claws you but does no damage. x2
8300 ||| READING 6 scrolls of teleportation.
As you read the scroll of teleportation, it crumbles to dust.
You feel strangely unstable. Snorg bites you. You block Snorg's attack.
Snorg claws you! You block Snorg's attack. Snorg barely misses you.
Snorg claws you!
You die...

### ##..# ### .....##
##.. ....... ##...
.......## #########....
......T@####......##....
.....##........#........
... ##..#...#####..... .
#>.#...## ##....
#..#...# #.... #..#..##
#.... .## #... ......#
#..... .#.....# ..#....#
#..... ....<.)#
..###.... ..........


You could see Snorg (berserk).

Vanquished Creatures
  Pikel (D:8)
  A manticore (D:11)
  A kobold demonologist (D:11)
  Grinder (D:3)
  2 trolls (D:10)
  A wraith (D:10)
  17 yaks
  5 wyverns
  6 vampire mosquitoes
  A steam dragon (D:7)
  Edmund (D:5)
  An acid dragon (D:10)
  4 water moccasins
  2 ice beasts
  2 orc warriors (D:9)
  A black bear (D:5)
  3 ogres
  4 centaurs
  4 lemures (D:8)
  A phantom (D:7)
  4 kobold brigands
  3 bullfrogs
  3 scorpions (D:5)
  4 wights (D:7)
  7 killer bees
  2 electric eels (D:8)
  3 howler monkeys
  2 hounds
  6 orc priests
  2 gnoll boudas
  A jelly (D:6)
  A sleepcap (D:5)
  6 iguanas
  Terence (D:3)
  6 orc wizards
  12 adders
  13 gnolls
  4 white imps
  An ufetubus (D:4)
  5 worms
  5 dart slugs
  37 orcs
  8 ball pythons
  5 bats
  3 endoplasms
  4 giant cockroaches
  9 goblins
  7 hobgoblins
  2 jackals (D:2)
  2 quokkas (D:2)
  2 frilled lizards
  27 kobolds
  6 rats
262 creatures vanquished.

Vanquished Creatures (others)
  A gnoll (D:8)
1 creature vanquished.

Grand Total: 263 creatures vanquished

Notes
Turn   | Place    | Note
-------+----------+-------------------------------------------
     0 | D:1      | qw the Gargoyle Fighter began the quest for the Orb.
     0 | D:1      | Reached XP level 1. HP: 14/14 MP: 1/1
     0 | D:1      | 0 ||| qw: Version: 0.2-a-97-g499787f
     0 | D:1      | 0 ||| qw: Game counter: 78
     0 | D:1      | 0 ||| qw: Always use a shield: true
     0 | D:1      | 0 ||| qw: God list: Okawaru
     0 | D:1      | 0 ||| qw: Allow faded altars: false
     0 | D:1      | 0 ||| qw: Do Orc after D:15 true
     0 | D:1      | 0 ||| qw: Do second Lair branch before Depths: true
     0 | D:1      | 0 ||| qw: Lair rune preference: random
     0 | D:1      | 0 ||| qw: Plans: Normal, Zot:1-4, God:TSO, Crypt, Tomb,
                  | Pan, Slime:5, Hells, Abyss, Win
     0 | D:1      | 0 ||| PLANNING D:1-11
   132 | D:1      | Reached XP level 2. HP: 19/19 MP: 2/2
   522 | D:1      | 522 ||| UPGRADING to +0 tower shield.
   532 | D:1      | 532 ||| DROPPING +0 buckler.
   533 | D:1      | 533 ||| UPGRADING to amulet of regeneration.
   538 | D:1      | 538 ||| READING scroll labelled EQINEE BUDIE.
   541 | D:1      | 541 ||| READING scroll labelled UQAMOSUXTI.
   542 | D:1      | 542 ||| READING scroll labelled HOMUPA OCKIAP.
   634 | D:2      | Reached XP level 3. HP: 23/23 MP: 3/3
   635 | D:2      | 635 ||| Stepping ~*~*~tactically~*~*~ (stealth).
   726 | D:2      | 726 ||| Stepping ~*~*~tactically~*~*~ (stealth).
   733 | D:2      | Found a faded altar of an unknown god.
   742 | D:2      | Reached skill level 4 in Shields
   856 | D:2      | 856 ||| Stepping ~*~*~tactically~*~*~ (stealth).
   902 | D:2      | 902 ||| Stepping ~*~*~tactically~*~*~ (stealth).
   933 | D:2      | 933 ||| Stepping ~*~*~tactically~*~*~ (stealth).
   961 | D:2      | Reached XP level 4. HP: 28/28 MP: 4/4
  1101 | D:2      | Found a hazy altar of Hepliaklqana.
  1353 | D:2      | 1353 ||| DROPPING amulet of faith.
  1354 | D:2      | 1354 ||| READING scroll labelled FOSCHA XAT EWN.
  1355 | D:2      | 1355 ||| READING scroll labelled XIAPHEAJOH.
  1360 | D:2      | 1360 ||| DRINKING 2 metallic ruby potions.
  1367 | D:2      | 1367 ||| DROPPING potion of ambrosia.
  1451 | D:3      | Reached skill level 5 in Shields
  1476 | D:3      | 1476 ||| Stepping ~*~*~tactically~*~*~ (hiding).
  1607 | D:3      | Noticed Terence
  1610 | D:3      | Reached skill level 3 in Axes
  1616 | D:3      | Killed Terence
  1617 | D:3      | Reached XP level 5. HP: 28/32 MP: 5/5
  1640 | D:3      | Noticed Grinder
  1640 | D:3      | Paralysed by Grinder for 4 turns
  1652 | D:3      | Paralysed by Grinder for 4 turns
  1658 | D:3      | Paralysed by Grinder for 2 turns
  1660 | D:3      | Killed Grinder
  1661 | D:3      | Reached skill level 7 in Shields
  1661 | D:3      | Reached XP level 6. HP: 16/37 MP: 6/6
  1696 | D:3      | 1696 ||| DROPPING +0 hand axe of electrocution.
  1793 | D:3      | Identified the ring "Useopizi" {rC++ rCorr Slay+2 Stlth+}
  1826 | D:3      | 1826 ||| DROPPING +0 club.
  1949 | D:3      | 1949 ||| Stepping ~*~*~tactically~*~*~ (hiding).
  2292 | D:3      | 2292 ||| DROPPING +0 mace.
  2540 | D:3      | 2540 ||| UPGRADING to ring "Useopizi" {rC++ rCorr Slay+2
                  | Stlth+}.
  2541 | D:3      | 2541 ||| READING 2 scrolls labelled KEPACUWKIST.
  2542 | D:3      | 2542 ||| READING scroll labelled ARGHUC JI TOCIX.
  2543 | D:3      | 2543 ||| DRINKING 3 metallic amethyst potions.
  2544 | D:3      | 2544 ||| DRINKING 2 lumpy ruby potions.
  2544 | D:3      | Gained mutation: You occasionally lose the ability to drink
                  | potions when taking damage. [potion of mutation]
  2544 | D:3      | Gained mutation: You have hidden genetic potential. [potion
                  | of mutation]
  2544 | D:3      | Gained mutation: You possess an exceptional clarity of
                  | mind. [potion of mutation]
  2545 | D:3      | 2545 ||| DRINKING potion of mutation.
  2545 | D:3      | Lost mutation: You have hidden genetic potential. [potion
                  | of mutation]
  2545 | D:3      | Lost mutation: You possess an exceptional clarity of mind.
                  | [potion of mutation]
  2545 | D:3      | Gained mutation: You passively map a small area around you.
                  | [potion of mutation]
  2545 | D:3      | Gained mutation: You have hidden genetic potential. [potion
                  | of mutation]
  2545 | D:3      | Gained mutation: Your large and strong wings let you fly.
                  | [potion of mutation]
  2546 | D:3      | 2546 ||| DROPPING scroll of fog.
  2600 | D:4      | Reached XP level 7. HP: 41/41 MP: 7/7
  2658 | D:4      | Reached skill level 1 in Throwing
  2691 | D:4      | 2691 ||| Stepping ~*~*~tactically~*~*~ (hiding).
  2693 | D:4      | 2693 ||| Stepping ~*~*~tactically~*~*~ (hiding).
  2807 | D:4      | 2807 ||| Stepping ~*~*~tactically~*~*~ (stealth).
  2810 | D:4      | 2810 ||| Stepping ~*~*~tactically~*~*~ (stealth).
  2811 | D:4      | 2811 ||| Stepping ~*~*~tactically~*~*~ (stealth).
  2862 | D:4      | 2862 ||| Stepping ~*~*~tactically~*~*~ (hiding).
  2996 | D:4      | Found Sizuaq's Tremendous Tomes.
  3022 | D:4      | 3022 ||| Stepping ~*~*~tactically~*~*~ (hiding).
  3045 | D:4      | Gained mutation: You have sharp toenails. [hidden
                  | potential]
  3153 | D:4      | Found a staircase to the Ecumenical Temple.
  3154 | D:4      | 3154 ||| PLANNING TEMPLE
  3154 | D:4      | 3154 ||| UPGRADING to +0 chain mail.
  3164 | D:4      | 3164 ||| DROPPING +0 scale mail.
  3165 | D:4      | 3165 ||| UPGRADING to +2 chain mail of cold resistance.
  3175 | D:4      | 3175 ||| DROPPING +0 chain mail.
  3176 | D:4      | 3176 ||| DROPPING ring of ice.
  3177 | D:4      | 3177 ||| READING 2 scrolls labelled SOACUX DYAS.
  3186 | Temple   | Entered the Ecumenical Temple
  3353 | Temple   | 3353 ||| PLANNING D:1-11
  3494 | D:5      | Entered Level 5 of the Dungeon
  3512 | D:5      | Reached skill level 8 in Shields
  3567 | D:5      | Reached XP level 8. HP: 46/46 MP: 8/8
  3632 | D:5      | Reached skill level 9 in Shields
  3632 | D:5      | Gained mutation: You are partially covered in iridescent
                  | scales. (AC +2) [hidden potential]
  3632 | D:5      | Lost mutation: You have hidden genetic potential. [hidden
                  | potential expressed]
  3805 | D:5      | 3805 ||| Stepping ~*~*~tactically~*~*~ (stealth).
  3806 | D:5      | 3806 ||| Stepping ~*~*~tactically~*~*~ (stealth).
  3848 | D:5      | Noticed Edmund
  3867 | D:5      | Killed Edmund
  3868 | D:5      | Reached skill level 6 in Axes
  3871 | D:5      | 3871 ||| DROPPING +0 flail.
  3939 | D:5      | 3939 ||| DRINKING potion of mutation.
  3939 | D:5      | Lost mutation: You occasionally lose the ability to drink
                  | potions when taking damage. [potion of mutation]
  3939 | D:5      | Lost mutation: You passively map a small area around you.
                  | [potion of mutation]
  3939 | D:5      | Lost mutation: Your large and strong wings let you fly.
                  | [potion of mutation]
  3939 | D:5      | Gained mutation: Your spells are a little harder to cast,
                  | but a little more powerful. [potion of mutation]
  3939 | D:5      | Gained mutation: You have a beak for a mouth. [potion of
                  | mutation]
  4028 | D:5      | 4028 ||| DROPPING scarf of shadows.
  4029 | D:5      | 4029 ||| UPGRADING to +0 pair of boots.
  4034 | D:5      | 4034 ||| READING scroll labelled XUFURI VIMOGH.
  4035 | D:5      | 4035 ||| DRINKING 2 viscous purple potions.
  4036 | D:5      | 4036 ||| READING 7 scrolls of identify.
  4036 | D:5      | 4036 ||| IDENTIFYING sapphire potion
  4037 | D:5      | 4037 ||| READING 6 scrolls of identify.
  4037 | D:5      | 4037 ||| IDENTIFYING metallic emerald potion
  4038 | D:5      | 4038 ||| DROPPING potion of brilliance.
  4083 | D:6      | 4083 ||| READING scroll of enchant armour.
  4083 | D:6      | 4083 ||| ENCHANTING +0 pair of boots.
  4303 | D:6      | 4303 ||| Stepping ~*~*~tactically~*~*~ (stealth).
  4319 | D:6      | Reached skill level 1 in Dodging
  4812 | D:7      | Reached skill level 10 in Shields
  4812 | D:7      | Reached XP level 9. HP: 50/52 MP: 9/9
  4920 | D:7      | 4920 ||| Stepping ~*~*~tactically~*~*~ (hiding).
  5110 | D:7      | 5110 ||| Stepping ~*~*~tactically~*~*~ (hiding).
  5279 | D:7      | 5279 ||| UPGRADING to +0 cloak.
  5284 | D:7      | 5284 ||| READING scroll labelled XUB MEPIMOTIAR.
  5285 | D:7      | 5285 ||| READING 6 scrolls of identify.
  5285 | D:7      | 5285 ||| IDENTIFYING green potion
  5286 | D:7      | 5286 ||| DROPPING potion of degeneration.
  5424 | D:8      | 5424 ||| Stepping ~*~*~tactically~*~*~ (hiding).
  5439 | D:8      | Reached skill level 11 in Shields
  5498 | D:8      | 5498 ||| Stepping ~*~*~tactically~*~*~ (stealth).
  5499 | D:8      | 5499 ||| Stepping ~*~*~tactically~*~*~ (stealth).
  5549 | D:8      | Identified the +9 flail of Qeleosok {flame, Str+5}
  5551 | D:8      | 5551 ||| DROPPING +2 flail of protection.
  5601 | D:8      | 5601 ||| Stepping ~*~*~tactically~*~*~ (hiding).
  5731 | D:8      | Noticed Pikel
  5732 | D:8      | 5732 ||| Stepping ~*~*~tactically~*~*~ (stealth).
  5745 | D:8      | 5745 ||| Stepping ~*~*~tactically~*~*~ (stealth).
  6043 | D:8      | Killed Pikel
  6044 | D:8      | Reached XP level 10. HP: 59/59 MP: 10/10
  6135 | D:9      | 6135 ||| Stepping ~*~*~tactically~*~*~ (hiding).
  6229 | D:9      | Reached skill level 6 in Fighting
  6386 | D:9      | Found a staircase to the Orcish Mines.
  6402 | D:9      | 6402 ||| Stepping ~*~*~tactically~*~*~ (stealth).
  6501 | D:9      | Found a large runed translucent door.
  6502 | D:9      | Found a large runed translucent door.
  6742 | D:9      | 6742 ||| UPGRADING to +0 plate armour.
  6752 | D:9      | 6752 ||| UPGRADING to ring of protection from cold.
  6753 | D:9      | 6753 ||| READING 8 scrolls of identify.
  6753 | D:9      | 6753 ||| IDENTIFYING cyan potion
  6783 | D:10     | Entered Level 10 of the Dungeon
  6859 | D:10     | Reached skill level 9 in Axes
  7136 | D:10     | 7136 ||| Stepping ~*~*~tactically~*~*~ (stealth).
  7176 | D:10     | Reached skill level 12 in Shields
  7440 | D:10     | Reached skill level 6 in Armour
  7486 | D:10     | Found a flagged portal.
  7559 | D:10     | 7559 ||| UPGRADING to +2 cloak.
  7569 | D:10     | 7569 ||| DROPPING +0 cloak.
  7570 | D:10     | 7570 ||| DROPPING ring of flight.
  7597 | D:11     | Noticed a manticore
  7597 | D:11     | Found a snail-covered altar of Cheibriados.
  7598 | D:11     | 7598 ||| PLANNING GAUNTLET
  7601 | D:11     | 7601 ||| STAIRDANCE
  7614 | D:11     | 7614 ||| STAIRDANCE
  7623 | D:10     | Reached XP level 11. HP: 57/67 MP: 11/11
  7635 | D:11     | 7635 ||| STAIRDANCE
  7663 | D:11     | 7663 ||| STAIRDANCE
  7705 | D:11     | Killed a manticore
  7710 | D:11     | Gained mutation: Potions are less effective at restoring
                  | your health. [a neqoxec]
  7716 | D:11     | 7716 ||| READING 8 scrolls of teleportation.
  7720 | D:11     | Found a staircase to the Lair.
  7721 | D:11     | 7721 ||| READING 7 scrolls of teleportation.
  7766 | D:11     | 7766 ||| DRINKING potion of mutation.
  7766 | D:11     | Lost mutation: Your spells are a little harder to cast, but
                  | a little more powerful. [potion of mutation]
  7766 | D:11     | Lost mutation: You have sharp toenails. [potion of
                  | mutation]
  7766 | D:11     | Lost mutation: You are partially covered in iridescent
                  | scales. (AC +2) [potion of mutation]
  7766 | D:11     | Gained mutation: You possess an exceptional clarity of
                  | mind. [potion of mutation]
  7766 | D:11     | Gained mutation: You are agile. (Dex +4, Str/Int -1)
                  | [potion of mutation]
  7846 | D:11     | 7846 ||| Stepping ~*~*~tactically~*~*~ (stealth).
  7907 | D:11     | 7907 ||| Stepping ~*~*~tactically~*~*~ (stealth).
  7908 | D:11     | 7908 ||| Stepping ~*~*~tactically~*~*~ (stealth).
  7909 | D:11     | 7909 ||| Stepping ~*~*~tactically~*~*~ (stealth).
  8024 | D:11     | 8024 ||| Stepping ~*~*~tactically~*~*~ (hiding).
  8025 | D:11     | 8025 ||| Stepping ~*~*~tactically~*~*~ (hiding).
  8027 | D:11     | 8027 ||| Stepping ~*~*~tactically~*~*~ (stealth).
  8029 | D:11     | 8029 ||| Stepping ~*~*~tactically~*~*~ (stealth).
  8030 | D:11     | 8030 ||| Stepping ~*~*~tactically~*~*~ (hiding).
  8047 | D:11     | 8047 ||| RIP GAUNTLET
  8138 | D:11     | 8138 ||| PLANNING D:1-11
  8187 | D:11     | Reached skill level 13 in Shields
  8265 | D:11     | 8265 ||| Stepping ~*~*~tactically~*~*~ (stealth).
  8283 | D:11     | Noticed Snorg
  8299 | D:11     | HP: 13/67 [Snorg (15)]
  8300 | D:11     | 8300 ||| READING 6 scrolls of teleportation.
  8300 | D:11     | HP: 4/67 [Snorg (8)]
  8300 | D:11     | Mangled by Snorg

Levels and vault maps discovered:
D:1:      spicycebolla_arrival_xxxplode, layout_rooms
D:2:      layout_loops_ring, hellmonk_ecumenical_altar_blasted, serial_aquarium,
          aquarium_bridge_square [aquarium_subvault_window,
          aquarium_subvault_window, aquarium_subvault_window,
          aquarium_subvault_bridge], aquarium_window_2, aquarium_window_fake,
          aquarium_window_3, aquarium_view_2b, aquarium_view_2e,
          aquarium_balcony_1a, basic_altar, minmay_circle_x
D:3:      layout_basic, fountainhead, uniq_grinder, uniq_terence
D:4:      layout_cave_pools, minmay_temple_entry_antechambers,
          amcnicky_mini_pool_small, nicolae_shop_i_like_big_books,
          kennysheep_generic_room_2
D:5:      cheibrodos_quashed, layout_rooms, uniq_edmund
D:6:      layout_loops_ring
D:7:      layout_cave_pools
D:8:      layout_basic, uniq_pikel
D:9:      layout_cave_pools, jmf_multi_god_temple2, david_orc_2
D:10:     layout_roguey, enter_bailey_4
D:11:     layout_layer_cave, minmay_lair_entry_grove, gauntlet_entry_generic,
          cheibriados_altar_1, uniq_snorg
Temple:   nicolae_temple_slightly_damp_pantheon

Skill      XL: |  1  2  3  4  5  6  7  8  9 10 11 |
---------------+----------------------------------+-----
Axes           | 2 3 4 5 6 8 9 10 | 10.1
Shields        | 4 5 7 8 10 11 12 13 | 13.0
Throwing       | 1 |  1.0
Fighting       | 4 5 7 |  7.6
Dodging        | 1 2 |  2.1
Armour         | 5 6 |  6.1

Action                     |  1- 3 |  4- 6 |  7- 9 | 10-12 || total
---------------------------+-------+-------+-------+-------++-------
  Melee: War axe           |   118 |   100 |   327 |   391 ||   936
         Kick              |       |       |    19 |       ||    19
         Peck              |       |       |    28 |    93 ||   121
  Throw: Javelin           |       |     2 |     5 |       ||     7
         Boomerang         |       |       |       |    26 ||    26
    Use: Scroll            |     3 |     4 |     7 |     4 ||    18
         Potion            |       |     4 |     2 |     1 ||     7
 Armour: Scale mail        |    68 |    54 |    40 |       ||   162
         Chain mail        |       |       |   144 |    42 ||   186
         Plate armour      |       |       |       |   291 ||   291
  Dodge: Dodged            |    39 |    25 |    69 |   116 ||   249
  Block: Buckler           |    14 |       |       |       ||    14
         Tower shield      |    37 |    79 |   253 |   468 ||   837

Table legend:
 A = Non-vault XP
 B = Vault XP
 C = Vault XP percentage of total XP
 D = Non-vault monster count
 E = Vault monster count
 F = Vault count percentage of total count
                 A         B        C        D         E       F
            +---------+---------+-------+---------+---------+-------
      Total |   10816 |    3656 |  25.3 |     220 |      38 |  14.7
            +---------+---------+-------+---------+---------+-------
        D:1 |      24 |       0 |   0.0 |      13 |       0 |   0.0
        D:2 |      76 |      23 |  23.2 |      22 |       6 |  21.4
        D:3 |      81 |     322 |  79.9 |      18 |       2 |  10.0
        D:4 |     354 |      19 |   5.1 |      21 |       3 |  12.5
        D:5 |     896 |     171 |  16.0 |      17 |       1 |   5.6
        D:6 |     298 |       0 |   0.0 |      15 |       0 |   0.0
        D:7 |    1224 |       0 |   0.0 |      18 |       0 |   0.0
        D:8 |     958 |     641 |  40.1 |      26 |       1 |   3.7
        D:9 |     475 |     155 |  24.6 |      22 |       7 |  24.1
       D:10 |    3331 |     721 |  17.8 |      23 |       9 |  28.1
       D:11 |    3099 |    1604 |  34.1 |      25 |       9 |  26.5
            +---------+---------+-------+---------+---------+-------
